 Dungeon Crawl Stone Soup version 0.28-a0-313-gbc0475efdd (webtiles) character file.

Game seed: 3331836693997574942

418 Sagekrm4265 the Basher (level 6, -2/56 HPs)
             Began as a Minotaur Berserker on Sept 1, 2021.
             Was an Initiate of Makhleb.
             Shot with an arrow by a centaur (4 damage)
             ... on level 5 of the Dungeon.
             The game lasted 00:22:55 (4077 turns).

Sagekrm4265 the Basher (Minotaur Berserker)         Turns: 4077, Time: 00:22:56

Health: -2/56      AC:  9    Str: 24    XL:     6   Next: 61%
Magic:  5/5        EV: 10    Int:  4    God:    Makhleb [......]
Gold:   114        SH:  9    Dex:  9    Spells: 5/5 levels left

rFire   . . .      SeeInvis .   m - +0 flail
rCold   . . .      Faith    .   r - +0 tower shield
rNeg    . . .      Spirit   .   g - +0 ring mail
rPois   .          Reflect  .   (helmet restricted)
rElec   .          Harm     .   i - +0 cloak
rCorr   .          Rampage  .   f - +0 pair of gloves
Will    .....                   b - +1 pair of boots
Stlth   ..........              (no amulet)
HPRegen 0.18/turn               d - +4 ring of evasion
MPRegen 0.09/turn               (no ring)

@: about to teleport
A: horns 2, retaliatory headbutt
a: Renounce Religion


You were on level 5 of the Dungeon.
You worshipped Makhleb.
Makhleb was noncommittal.
You visited 2 branches of the dungeon, and saw 6 of its levels.

You collected 114 gold pieces.

Inventory:

Hand Weapons
 a - a +0 mace
 m - a +0 flail (weapon)
Missiles
 h - 99 stones (quivered)
 j - 52 arrows
 k - 5 atropa-tipped darts
 l - 23 poisoned darts
 o - a throwing net
Armour
 b - a +1 pair of boots (worn)
 f - a +0 pair of gloves (worn)
 g - a +0 ring mail (worn)
 i - a +0 cloak (worn)
 r - a +0 tower shield (worn)
Jewellery
 d - a +4 ring of evasion (left hand)
Wands
 n - a wand of flame (15)
Scrolls
 c - 2 scrolls of magic mapping
 e - a scroll of identify {unknown}
 p - a scroll of immolation {unknown}
Potions
 q - a potion of flight {unknown}
 t - a potion of lignification {unknown}
 u - 2 potions of brilliance {unknown}


   Skills:
 * Level 5.3 Fighting
 * Level 8.0 Maces & Flails
 - Level 2.4 Armour
 - Level 2.1 Dodging
 + Level 0.8 Shields


You had 5 spell levels left.
You didn't know any spells.
Your spell library contained the following spells:

 Spells                   Type           Power      Damage    Failure   Level
 Corona                   Hex            0%         N/A       100%        1
 Foxfire                  Conj/Fire      0%         2x1d4     100%        1
 Ensorcelled Hibernation  Hex/Ice        0%         N/A       100%        2
 Static Discharge         Conj/Air       0%         N/A       100%        2
 Conjure Flame            Conj/Fire      0%         6-21      100%        3
 Inner Flame              Hex/Fire       0%         N/A       100%        3
 Ozocubu's Armour         Ice            0%         N/A       100%        3
 Tukima's Dance           Hex            0%         N/A       100%        3
 Cause Fear               Hex            0%         N/A       100%        4
 Dispel Undead            Necr           0%         3d6       100%        4
 Sticky Flame             Conj/Fire      0%         2d3       100%        4
 Iskenderun's Battlesphe  Conj           0%         2d6       100%        5
 Conjure Ball Lightning   Conj/Air       0%         3x3d6     100%        6
 Orb of Destruction       Conj           0%         N/A       100%        7
 Ozocubu's Refrigeration  Ice            0%         4d5       100%        7
 Discord                  Hex            0%         N/A       100%        8


Dungeon Overview and Level Annotations

Branches:
Dungeon (5/15)             Temple (1/1) D:4

Altars:
Ashenzari
Cheibriados
Dithmenos
Elyvilon
Fedhas
Gozag
Hepliaklqana
Kikubaaqudgha
Makhleb
Nemelex Xobeh
Okawaru
Qazlal
Ru
Sif Muna
Trog
Uskayaw
Vehumet
Wu Jian
Xom
Yredelemnul
Zin
The Shining One


Innate Abilities, Weirdness & Mutations

You have a pair of horns on your head.
You reflexively headbutt those who attack you in melee.


Message History

You sock the gnoll shaman!
The gnoll shaman is severely wounded.
You block the gnoll's attack.
The centaur shoots an arrow.
You block the arrow.
The gnoll shaman calls down the wrath of its god upon you.
You resist with some effort. The gnoll closely misses you.
You hit the gnoll shaman.
The gnoll shaman is almost dead.
The centaur shoots an arrow.
The arrow hits you. The gnoll hits you but does no damage.
You block the gnoll's attack. You block the gnoll shaman's attack.
The gnoll hits you from afar with a +0 spear.
The gnoll barely misses you. You furiously retaliate!
You headbutt the gnoll.
The phantom hits you but does no damage.
The gnoll shaman barely misses you.
You hit the gnoll shaman.
The gnoll shaman is almost dead.
You block the gnoll's attack.
The centaur shoots an arrow.
The arrow hits you. The gnoll completely misses you.
The gnoll hits you from afar with a +0 spear.
* * * LOW HITPOINT WARNING * * *
The phantom hits you.
* * * LOW HITPOINT WARNING * * *
The phantom blinks!
You blink.
The gnoll shaman calls upon its god to heal the gnoll.
The gnoll's wounds heal themselves!
The centaur shoots an arrow.
The arrow hits you.
* * * LOW HITPOINT WARNING * * *
The centaur shoots an arrow.
The arrow hits you!
* * * LOW HITPOINT WARNING * * *
The phantom hits you.
* * * LOW HITPOINT WARNING * * *
As you read the scroll of teleportation, it crumbles to dust.
You feel strangely unstable.
The phantom hits you but does no damage.
The centaur unwields a +0 shortbow.
The centaur hits you but does no damage.
The centaur closely misses you. You block the phantom's attack.
The centaur wields a +0 shortbow.
The centaur shoots an arrow.
The arrow hits you.
You die...

#.....##................
.#...gg...## #.........#
...g..gg#..## #.W.<.....#
###g#...# ##.†.......
#.?g....###..........
####.......#...#........
#......c...)...#........
...........#..#.####.....
..####..@W.#....# .....
..#.(#....##..#....###.##
..#.(#._......#..### .#
..#..#....#......#
.####.$.....##.#
.............##
.....$......##
###..........
#.........#[


You could see a phantom, a centaur, a gnoll shaman, 2 dancing weapons and 4
gnolls.

Vanquished Creatures
  A phantom (D:5)
  A scorpion (D:4)
  A howler monkey (D:5)
  3 hounds
  2 hound skeletons (D:4)
  4 adders
  An ufetubus (D:4)
  4 worms
  4 dart slugs
  2 orcs
  5 endoplasms
  3 giant cockroaches
  5 goblins
  9 hobgoblins
  5 kobolds
  5 quokkas
  11 ball pythons
  6 bats
  A frilled lizard (D:3)
  4 rats
  A bush (Temple)
78 creatures vanquished.

Vanquished Creatures (others)
  39 plants
39 creatures vanquished.

Grand Total: 117 creatures vanquished

Notes
Turn   | Place    | Note
-------+----------+-------------------------------------------
     0 | D:1      | Sagekrm4265 the Minotaur Berserker began the quest for the
                  | Orb.
     0 | D:1      | Reached XP level 1. HP: 19/19 MP: 0/0
    91 | D:1      | Reached skill level 4 in Maces & Flails
    91 | D:1      | Reached XP level 2. HP: 16/27 MP: 1/1
   184 | D:1      | Found a faded altar of an unknown god.
   543 | D:1      | Reached XP level 3. HP: 29/33 MP: 2/2
   585 | D:1      | Reached ** piety under Trog
  1564 | D:2      | Reached skill level 5 in Maces & Flails
  2264 | D:3      | Reached XP level 4. HP: 41/41 MP: 3/3
  3075 | D:4      | Noticed a scorpion
  3090 | D:4      | Reached skill level 6 in Maces & Flails
  3098 | D:4      | Killed a scorpion
  3098 | D:4      | Reached *** piety under Trog
  3099 | D:4      | Reached XP level 5. HP: 38/47 MP: 4/4
  3183 | D:4      | Reached skill level 5 in Fighting
  3183 | D:4      | Reached skill level 7 in Maces & Flails
  3378 | D:4      | Reached XP level 6. HP: 56/56 MP: 5/5
  3416 | D:4      | Found a staircase to the Ecumenical Temple.
  3718 | Temple   | Entered the Ecumenical Temple
  3867 | Temple   | Fell from the grace of Trog
  3867 | Temple   | Became a worshipper of Makhleb the Destroyer
  4050 | D:5      | Entered Level 5 of the Dungeon
  4066 | D:5      | Found a hide-covered altar of Uskayaw.
  4066 | D:5      | Noticed a +0 hand axe
  4066 | D:5      | Noticed a +0 hand axe
  4071 | D:5      | Reached skill level 8 in Maces & Flails
  4075 | D:5      | HP: 1/56 [phantom (3)]
  4077 | D:5      | Shot with an arrow by a centaur

Illustrated notes

Levels and vault maps discovered:
D:1:      nicolae_arrival_washed_ashore, layout_rooms,
          hellmonk_ecumenical_altar_lost_god
D:2:      layout_basic
D:3:      layout_loops_cross, kennysheep_cross_room, serial_bayou_lagoon_a
D:4:      layout_rooms, minmay_temple_entry_antechambers, corexii_hall_statues_i
D:5:      layout_cave_pools, dancing_weapons_uskayaw, ebering_ghost_inner_flame
Temple:   kilobyte_greek_temple

Skill      XL: |  1  2  3  4  5  6 |
---------------+-------------------+-----
Maces & Flails | 4 5 6 7 8 |  8.0
Fighting       | 4 5 |  5.3
Armour         | |  2.4
Dodging        | |  2.1
Shields        | |  0.8

Action                   |  1- 3 |  4- 6 || total
-------------------------+-------+-------++-------
Melee: Mace              |   131 |       ||   131
       Headbutt          |    28 |    59 ||    87
       Flail             |    21 |   214 ||   235
  Use: Scroll            |     3 |     1 ||     4
Armor: Animal skin       |     2 |       ||     2
       Ring mail         |    58 |    47 ||   105
Dodge: Dodged            |    86 |    75 ||   161
Block: Tower shield      |       |    45 ||    45

Table legend: (Time is in decaauts)
 A = Elapsed time spent in this place.
 B = Non-inter-level travel time spent in this place.
 C = Inter-level travel time spent in this place.
 D = Time resting spent in this place.
 E = Time spent auto-exploring this place.
 F = Levels seen in this place.
 G = Mean time per level.
                   A        B        C        D        E       F      G
               +--------+--------+--------+--------+--------+-----+--------+
         Total |   4213 |   4213 |      0 |     23 |    268 |   6 |  702.2 |
       Dungeon |   3909 |   3909 |      0 |     23 |    140 |   5 |  781.8 |
        Temple |    303 |    303 |      0 |      0 |    128 |   1 |  303.0 |
               +--------+--------+--------+--------+--------+-----+--------+

Top non-repeatable levels by time:
     D:2: 1124 daAuts
     D:3: 1103 daAuts
     D:1: 926 daAuts
     D:4: 718 daAuts
  Temple: 303 daAuts
     D:5: 36 daAuts
